Cogmind - Beta 15 @@@ ROGUE MODE // 2025.05.16 @ 22:06:46 Player: Natsuram Result: Destroyed by D-53 Grenadier with Mini Grenade Launcher Performance ------------- Evolutions (0) 0 Regions Visited (2) 400 Robots Destroyed (26) 130 Value Destroyed (660) 660 Prototype IDs (0) 0 Alien Tech Used (0) 0 Bonus (0) 0 TOTAL SCORE: 1190 Bonus ------- None Cogmind --------- Core Integrity 0/250 Matter 300/300 Energy 237/250 System Corruption 0% Temperature Warm (167) Movement Walking (190) Ox1 Location -10/Mines Parts ------- > --- POWER (1) -------- Ion Engine > --- PROPULSION (2) --- Aluminum Leg > --- UTILITY (2) ------ Small Storage Unit > --- WEAPON (2) ------- Beam Rifle Particle Gun > --- INVENTORY (8) ---- Ion Engine Aluminum Leg Sensor Array Seismic Detector Recalibrator EM Pulse Gun Medium Laser Beam Rifle Peak State ------------ > --- POWER ------------ Light Ion Engine > --- PROPULSION ------- Light Treads Light Treads > --- UTILITY ---------- Small Storage Unit Improved Terrain Scanner > --- WEAPON ----------- Small Laser Assault Rifle > --- INVENTORY -------- Light Ion Engine Seismic Detector Tractor Beam Medium Laser Beam Rifle Beam Rifle Beam Rifle [Rating: 10] Favorites ----------- Power Ion Engine Engine Ion Engine Propulsion Aluminum Leg Treads Light Treads Leg Aluminum Leg Utility Small Storage Unit Device Heat Sink Storage Small Storage Unit Weapon Small Laser Energy Gun Small Laser Ballistic Gun Assault Rifle Build | -11 -10 -10 ------- Run | Yrd Mat Min Slots Evolved . | . . . Power . | . . . Propulsion . | . . . Utility . | . . . Weapon . | . . . Parts Attached 21 | 8 13 . Power 4 | 1 3 . Engine 4 | 1 3 . Core . | . . . Reactor . | . . . Propulsion 8 | 2 6 . Treads 2 | 2 . . Leg 6 | . 6 . Wheel . | . . . Hover . | . . . Flight . | . . . Utility 4 | 3 1 . Device 3 | 2 1 . Storage 1 | 1 . . Processor . | . . . Hackware . | . . . Protection . | . . . Artifact . | . . . Weapon 5 | 2 3 . Energy Gun 4 | 1 3 . Energy Cannon . | . . . Ballistic Gun 1 | 1 . . Ballistic Cannon . | . . . Launcher . | . . . Special Weapon . | . . . Impact Weapon . | . . . Slashing Weapon . | . . . Piercing Weapon . | . . . Special Melee Weapon . | . . . Unidentified Prototypes . | . . . Parts Lost 6 | . 4 2 Power 1 | . 1 . Propulsion 2 | . 1 1 Utility 1 | . . 1 Weapon 2 | . 2 . Highest Loss Streak 2 | . 2 2 To Critical Strikes . | . . . Average Backups 6 | 1 7 8 Power . | . 1 1 Propulsion . | . . 1 Utility 1 | . 1 2 Weapon 4 | . 4 3 Tool/Special . | . . . Unused Backups 8 | . 1 7 Power 1 | . 1 . Propulsion . | . . . Utility 3 | . . 3 Weapon 4 | . . 4 Tool/Special . | . . . Average Slot Usage (%) 98 | . 97 100 Engine 12 | . 12 14 Treads 6 | . 7 . Leg 21 | . 20 28 Device 13 | . 13 14 Storage 14 | . 14 14 Energy Gun 24 | . 24 28 Ballistic Gun 3 | . 3 . Peak Build Rating 10 | 9 10 10 Average Rating 8 | 4 8 9 On Entrance 6 | . 9 10 Naked Turns . | . . . Heaviest Build 17 | 12 17 17 Greatest Support 40 | 40 40 20 Greatest Overweight (x) . | . . . Average Overweight (x) . | . . . Largest Inventory Capacity 8 | 8 8 8 Average Capacity 7 | 6 8 8 Most Carried 8 | 4 8 8 Average Carried 7 | 1 7 8 Final Capacity 8 | 8 8 8 Final Carried 8 | 4 8 8 Class Distribution -------------------- 53% | Mutant 46% | Scavenger-Mutant Dominant Class ---------------- Mutant | -10/Materials Scavenger-Mutant | -10/Mines Resources | -11 -10 -10 ----------- Run | Yrd Mat Min Matter Collected 478 | 204 274 . Remotely 100 | 100 . . Salvage Created 835 | 87 713 35 Parts 60 | 6 48 6 Haulers Intercepted . | . . . Recyclers Shooed . | . . . Parts Field Recycled . | . . . Retrieved Matter . | . . . Parts Self-Destructed . | . . . Prevented . | . . . Kills | -11 -10 -10 ------- Run | Yrd Mat Min Combat Hostiles Destroyed 17 | . 13 4 Guns 17 | . 13 4 Classes Destroyed 9 | 2 5 2 Worker 1 | . 1 . Builder 1 | . 1 . Tunneler 1 | 1 . . Recycler 2 | 1 1 . Mechanic 1 | . 1 . Watcher 3 | . 3 . Swarmer 3 | . . 3 Grunt 13 | . 13 . Demolisher 1 | . . 1 Best Kill Streak 5 | 2 5 3 Combat Bots Only 4 | . 4 3 Max Kills in Single Turn 2 | 1 2 2 Gunslinging 1 | . . 1 Exploded . | . . . Melee . | . . . Uniques/NPCs Destroyed . | . . . Combat | -11 -10 -10 -------- Run | Yrd Mat Min Hostile Shots Fired 115 | . 97 18 Missed 34 | . 34 . Hits 81 | . 63 18 Projectile 81 | . 63 18 AOE 10 | . . 10 Damage Taken 1277 | . 778 499 Core 278 | . 148 130 Absorbed by Shields . | . . . Core Remaining (%) 100 | 100 . . Volleys Fired 69 | 2 61 6 Largest 2 | 2 2 2 Hottest 121 | 60 121 121 Shots Fired 137 | 4 121 12 Gun 137 | 4 121 12 Cannon . | . . . Launcher . | . . . Special . | . . . Kinetic 30 | 2 28 . Thermal 85 | 2 71 12 Explosive . | . . . Electromagnetic 22 | . 22 . Robot Hit Streak 11 | 1 11 5 Robot Miss Streak 3 | 2 3 2 Penetration Max . | . . . Secondary Targets 6 | . 3 3 Max Gunslinging Chain 1 | . 1 1 Shots Hit Robots 89 | 1 80 8 Core Hits 40 | 2 33 5 Critical Kills . | . . . Critical Parts Destroyed . | . . . Critical Strikes . | . . . Melee Attacks . | . . . Impact . | . . . Slashing . | . . . Piercing . | . . . Sneak Attacks . | . . . Combat Hostiles . | . . . Follow-up Attacks . | . . . Damage Inflicted 1238 | 40 1081 117 Guns 1223 | 40 1066 117 Cannons . | . . . Explosions . | . . . Melee . | . . . Ramming 15 | . 15 . Kinetic 250 | 28 222 . Thermal 757 | 12 628 117 Explosive . | . . . Electromagnetic 216 | . 216 . Impact . | . . . Slashing . | . . . Piercing . | . . . Highest Corruption . | . . . Average Corruption . | . . . Corruption Purged . | . . . Corruption Blocked . | . . . Overload Shots . | . . . Overflow Damage . | . . . Projectiles . | . . . Explosions . | . . . Melee . | . . . Knockbacks . | . . . Impact . | . . . Kinetic . | . . . Secondary . | . . . Self-Inflicted Damage . | . . . Shots . | . . . Rammed . | . . . Targets Rammed 4 | . 3 1 Kicked 4 | . 3 1 Crushed . | . . . Highest Temperature 237 | . 237 158 Average Temperature 66 | . 68 48 Received Heat Transfer 468 | . 435 33 Siege Activations . | . . . Martial Activations . | . . . Shielding Activations . | . . . Robots Disrupted . | . . . Combat Hostiles . | . . . Robots Corrupted . | . . . Combat Hostiles . | . . . Parts Fried . | . . . Impact Corruptions . | . . . Robots Melted . | . . . Combat Hostiles . | . . . Parts Melted 3 | . 2 1 Heat Transferred 1800 | 25 1479 296 Parts Sabotaged . | . . . Parts Stolen . | . . . Parts Stripped . | . . . Power Chain Reactions . | . . . Alert | -11 -10 -10 ------- Run | Yrd Mat Min Maximum Alert Level . | . . . Low Security (%) 100 | 100 100 100 Level 1 . | . . . Level 2 . | . . . Level 3 . | . . . Level 4 . | . . . Level 5 . | . . . High Security . | . . . Max Security . | . . . Peak Influence 155 | 10 155 119 Initial 49 | . . 49 Average 82 | 1 89 94 Influence Increases 583 | 10 473 100 Destroy 0b10 Robot/C 340 | . 260 80 Destroy 0b10 Robot/NC 45 | 10 35 . Destroy Leader 106 | . 86 20 Successful Hack 31 | . 31 . Disable Machine 15 | . 15 . Destroy Structure 1 | . 1 . Lose Combat Pursuer 45 | . 45 . Influence Decreases 504 | 10 346 148 Entered New Map 78 | . . 78 Time Decay 366 | 10 306 50 Lost Part 60 | . 40 20 Squads Dispatched 5 | . 5 . Investigation 3 | . 3 . Extermination . | . . . Reinforcement 2 | . 2 . Assault . | . . . Garrison . | . . . Intercept . | . . . Searches Triggered . | . . . Construction Impeded . | . . . Haulers Reinforced . | . . . Active Scanning Responses . | . . . Cargo Convoy Interrupts . | . . . Stealth | -11 -10 -10 --------- Run | Yrd Mat Min Distress Signals 2 | . 2 . Communications Jammed . | . . . Distress Signals . | . . . Times Spotted 29 | . 22 7 Peak Tracking Total 6 | . 6 4 Tactical Retreats 1 | . 1 . Traps | -11 -10 -10 ------- Run | Yrd Mat Min Traps Triggered 2 | . 2 . Indirectly . | . . . Trap Hack Attempts . | . . . Triggered . | . . . Disarmed . | . . . Reprogrammed . | . . . Reused . | . . . Traps Extracted . | . . . Installed . | . . . Triggered . | . . . Machines | -11 -10 -10 ---------- Run | Yrd Mat Min Machines Disabled 1 | . 1 . Max in Single Turn 1 | . 1 . Machines Repaired . | . . . Machines Dismantled . | . . . Machines Sabotaged . | . . . Overloaded Fab Kills . | . . . Hacking | -11 -10 -10 --------- Run | Yrd Mat Min Machines Accessed 5 | . 5 . Terminals 4 | . 4 . Fabricators . | . . . Repair Stations . | . . . Recycling Units 1 | . 1 . Scanalyzers . | . . . Garrison Access . | . . . Total Hacks 13 | . 13 . Successful 7 | . 7 . Failed 6 | . 6 . Catastrophic 1 | . 1 . Database Lockouts . | . . . Manual 7 | . 7 . Terminals 12 | . 12 . Fabricators . | . . . Repair Stations . | . . . Recycling Units 1 | . 1 . Scanalyzers . | . . . Garrison Access . | . . . Terminal Hacks 6 | . 6 . Branch Access Points 1 | . 1 . Emergency Access Points 1 | . 1 . Dispatch Records 1 | . 1 . Investigation Status 1 | . 1 . Reinforcement Status 1 | . 1 . Zone Layout 1 | . 1 . Fabricator Hacks . | . . . Repair Station Hacks . | . . . Recycling Unit Hacks 1 | . 1 . Process 1 | . 1 . Scanalyzer . | . . . Garrison Access Hacks . | . . . Unauthorized Hacks . | . . . Terminals . | . . . Fabricators . | . . . Repair Stations . | . . . Recycling Units . | . . . Scanalyzers . | . . . Garrison Access . | . . . Data Cores Recovered . | . . . Used . | . . . Hacking Detections 4 | . 4 . Full Trace Events 2 | . 2 . Feedback Events . | . . . Feedback Blocked . | . . . Robot Schematics Acquired . | . . . Robots Built . | . . . Authchips . | . . . Time . | . . . Total Robot Build Rating . | . . . Part Schematics Acquired . | . . . Parts Built . | . . . Authchips . | . . . Time . | . . . Total Part Build Rating . | . . . Parts Repaired . | . . . Time . | . . . Parts Recycled . | . . . Recycled Matter 44 | . 44 . Retrieved Matter . | . . . Retrieved Components . | . . . Parts Scanalyzed . | . . . Part Schematics Acquired . | . . . Parts Damaged . | . . . Bothacking | -11 -10 -10 ------------ Run | Yrd Mat Min Used RIF Installer . | . . . Robots Hacked . | . . . Non-combat . | . . . Combat . | . . . Robot Hacks Applied . | . . . Relay Couplers Released . | . . . Fabnet Peak Effective % . | . . . Robots Rewired . | . . . Allies Hacked . | . . . Hacks Repelled . | . . . Allies | -11 -10 -10 -------- Run | Yrd Mat Min Total Allies . | . . . Largest Group . | . . . Highest-Rated Group . | . . . Highest-Rated Ally . | . . . Total Orders . | . . . Ally Attacks . | . . . Total Damage . | . . . Kills . | . . . Allies Corrupted . | . . . Allies Melted . | . . . Intel | -11 -10 -10 ------- Run | Yrd Mat Min Active Infowar (turns) 236 | 6 230 . Terrain 236 | 6 230 . Robot Analysis Total . | . . . Derelict Logs Recovered 1 | . . 1 Drone Launches . | . . . Drone Recoveries . | . . . Exploration | -11 -10 -10 ------------- Run | Yrd Mat Min Turns Passed 1005 | 93 800 112 Spaces Moved 590 | 50 463 77 Core 7 | 7 . . Treads 119 | 43 76 . Legs 464 | . 387 77 Wheels . | . . . Hover . | . . . Flight . | . . . Fastest Speed 50 | 50 120 120 Average Speed 127 | 144 126 120 Slowest Speed 160 | 160 160 120 Overloaded Moves . | . . . Propulsion Burnouts . | . . . Robots Hopped . | . . . Potential Cave-ins . | . . . Cave-ins Triggered . | . . . Exploration Rate (%) 36 | 4 80 26 Regions Visited 2 Branch Regions 1 Pre-discovered Areas . | . . . Known Exits Taken 1 | . 1 . Unknown Exits Taken 1 | 1 . . Scrap Searched 1 | . . 1 Spaces Dug . | . . . Terrain Destroyed . | . . . Melee . | . . . Projectile . | . . . AOE . | . . . Terrain Rammed . | . . . Walls Destroyed . | . . . Machines Disabled . | . . . Actions | -11 -10 -10 --------- Run | Yrd Mat Min Total 706 | 63 557 86 Wait 2 | . 2 . Move 588 | 49 462 77 Hop . | . . . Pick Up 10 | 3 6 1 Fast Attach 13 | 8 5 . Attach 2 | . 2 . Detach 2 | 1 1 . Swap 6 | . 6 . Drop 10 | . 9 1 Fire 69 | 2 61 6 Melee . | . . . Ram . | . . . Kick 4 | . 3 1 Crush . | . . . Escape Stasis . | . . . Rewire . | . . . Trap . | . . . Miscellaneous . | . . . Route ------- -11/Scrapyard -10/Materials (discovered 4 exits: [*Mat x2] / *Min / [*Sub]) -10/Mines History --------- Turn | Location | Event 47 | -11/Scrapyard | Discovered new exit (range 15) 94 | -11/Scrapyard | Entered Materials 95 | -10/Materials | Met a group of wandering Federalists 415 | -10/Materials | Discovered new exit (range 11) 658 | -10/Materials | Core integrity fell below 50% 683 | -10/Materials | Discovered new exit (range 10) 761 | -10/Materials | Identified exit to Mines 776 | -10/Materials | Discovered new exit (range 9) 894 | -10/Materials | Entered Mines 946 | -10/Mines | Found DCF Scrap (14 items) 949 | -10/Mines | Build established: Scavenger-Mutant 962 | -10/Mines | Met a Derelict bent on vengeance 969 | -10/Mines | Assembled infested the area 974 | -10/Mines | Assisted by a Guerilla fighting off Assembled 997 | -10/Mines | Core integrity fell below 20% 1006 | -10/Mines | Destroyed by D-53 Grenadier with Mini Grenade Launcher Last Messages --------------- 00982_ VQ-4WL(g): "TASTE MY VENGEANCE!" 00986_ Acquired derelict log, extracted data. Data stored: Mines entrances (x2). 00990_ VQ-4WL(g) destroyed. 00991_ K-01 Serf collects debris. 00992_ U-05 Engineer builds a Wall. 00993_ The unstable cave ceiling collapses. 00996_ K-01 Serf collects debris. 00996_ U-05 Engineer lays Concrete. 00997_ U-05 Engineer builds a Wall. 00999_ The unstable cave ceiling collapses. 01000_ K-01 Serf collects debris. 01001_ U-05 Engineer lays Concrete. 01002_ D-53 Grenadier destroyed. 01002_ Switching to secondary target: D-53 Grenadier. 01002_ Heat Sink destroyed. 01002_ U-05 Engineer builds a Wall. 01004_ K-01 Serf collects debris. 01006_ Aluminum Leg destroyed. Map ----- +----------------------------------------------------+ | ?????????????????????????????????????????????????? | | ?????????????????????????????????????????????????? | | ?????????????????????????????????????????????????? | | ?????????????????????????????????????????????????? | | ?????????????????????????????????????????????????? | | ?????????????????????????????????????????????????? | | ?????????????????????????????????????????????????? | | ?????????????????????????????????????????????????? | | ?????????????????????????????????? ##????????????? | | ????????????????????????????????# ????????????? | | ???????????????????????????????## ????????????? | | ??????????????????????????????## #????????###? | | ??????????????????????????????# #????????# ? | | ??????????????????????????????# ##???????# #? | | ???????????????????????????????# ##??????# #? | | ??????????????????????????????## ##????## #? | | ??????????????????????????????# #### ?# #? | | ?????????????????????????????## """ ?## ## | | ????????????????????????????## """ ??# | | ????????????????????????????# """ #???# | | ??????????????????????####### ##### ## | | ?????????????????????## # [=]*]= [#? | | ????????????????????## k *=[%=!* #? | | ????????????????????# t ##########? | | ????????????????????# ##?????????? | | ??????????????#?????# @ ##??????????? | | ??????????????# ##### ##???????????? | | ??????????????# ###????????????? | | ??????????????# ##??????????????? | | ??????????????#######g# #???????????????? | | ????????????????????# ## # % t##???????????????? | | ????????????????????# # ##????????????????? | | ????????????????????# g ##?????????????????? | | ????????????????????# ## d #?????????????????? | | ???????????????????? # ????????????????? | | ???????????????????? # ???????????????? | | ???????????????????? ## ##t ??????????????? | | ???????????????????? ?## u ??????????????? | | ???????????????????? ??? ?????????????? | | ???????????????????? ??? # ?????????????? | | ???????????????????? ??? # ? ???????????????? | | ????????????????????#####??? ??????????????????? | | ???????????????????????????? ???????????????????? | | ???????????????????????????? ???????????????????? | | ?????????????????????????????????????????????????? | | ?????????????????????????????????????????????????? | | ?????????????????????????????????????????????????? | | ?????????????????????????????????????????????????? | | ?????????????????????????????????????????????????? | | ?????????????????????????????????????????????????? | +----------------------------------------------------+ Best States ------------- Heat Dissipation 35 Energy Generation 10 Energy Capacity 250 Matter Stores 300 Matter Capacity 300 Sight Range 16 Terrain Scan Range 16 Terrain Scan Density 10 Evasion (%) 55 Recoil Reduction 2 Item Schematics ----------------- None Robot Schematics ------------------ None Fabricated ------------ Nothing Repaired ---------- Nothing Alien Tech Used ----------------- None Achievements -------------- Use The Force Challenges ------------ None Game ------ Seed TrapColdDoublenader Manual? 0 Play Time 00:18:23 Cumulative 4.7 hours Start 2025.05.16 @ 21:48:05 End 2025.05.16 @ 22:06:46 Sessions 1 Manual Loads 0 Difficulty Rogue Special Mode None Game No. 6 Rogue 5 Adventurer 1 Explorer 0 Win Type - Total 0 Types 0/0/0/0/0/0/0/0/0/0 Lore% 5 Gallery% 6 Achievement% 9 Wizard Run 0 Options --------- Layout 1 ASCII 0 Keyboard 1 Movement Numpad Keybinds 0 Fullscreen 1 Font 24/Smallcaps Map View 50x35 Zoom Use 0% Tactical HUD 1 Map Filters NONE Filters NONE Steam 1 RUN: 9e2edb2f-ab47-44c1-a412-4c2eccb7ffa3